 Dungeon Crawl Stone Soup version 0.31-a0-361-g0f8bd3a31e (webtiles) character file.

Game seed: 14603428028793053052

121 AdnanSaban the Covered (level 5, -2/33 HPs)
             Began as a Gargoyle Fighter on July 27, 2023.
             Slain by a black bear (8 damage)
             ... on level 4 of the Dungeon.
             The game lasted 00:02:16 (2940 turns).

AdnanSaban the Covered (Gargoyle Fighter)           Turns: 2940, Time: 00:02:17

Health: -2/33      AC: 12    Str: 21    XL:     5   Next: 5%
Magic:  5/5        EV:  9    Int:  9    God:
Gold:   177        SH:  4    Dex:  9    Spells: 4/4 levels left

rFire   . . .        a - +0 flail
rCold   . . .        c - +0 buckler
rNeg    + . .        b - +0 scale mail
rPois   ∞            (no helmet)
rElec   +            (no cloak)
rCorr   .            (no gloves)
SInv    .            m - +0 pair of boots
Will    .....        (no amulet) Stlth
                     (no ring)
HPRegen 0.25/turn    (no ring)
MPRegen 0.09/turn

%: no passive effects
@: no status effects
A: sickness immunity, AC +4, negative energy resistance 1, electricity
resistance, torment resistance 1, petrification resistance
a: no special abilities


You were on level 4 of the Dungeon.
You visited 1 branch of the dungeon, and saw 4 of its levels.

You collected 177 gold pieces.

Inventory:

Hand Weapons
 a - a +0 flail (weapon)
Armour
 b - a +0 scale mail (worn)
 c - a +0 buckler (worn)
 m - a +0 pair of boots (worn)
Jewellery
 q - a +6 ring of strength
Wands
 l - a wand of flame (2)
Scrolls
 e - 4 scrolls of teleportation {unknown}
 i - 2 scrolls of noise {unknown}
 j - 2 scrolls of identify {unknown}
 k - a scroll of amnesia {unknown}
 n - 2 scrolls of enchant armour {unknown}
 o - a scroll of enchant weapon {unknown}
 r - a scroll of silence {unknown}
 s - a scroll of immolation {unknown}
Potions
 d - 2 potions of might
 f - 4 potions of heal wounds {unknown}
 g - 3 potions of curing {unknown}
 h - 2 potions of attraction {unknown}
 p - a potion of berserk rage {unknown}


   Skills:
 + Level 3.7 Fighting
 + Level 3.4 Maces & Flails
 + Level 4.1 Armour
 + Level 1.0 Dodging
 + Level 3.7 Shields


You had 4 spell levels left.
You didn't know any spells.
Your spell library contained the following spells:

 Spells                   Type           Power      Damage    Failure   Level
 Magic Dart               Conj           0%         1d3       78%         1
 Call Imp                 Summ           0%         N/A       89%         2
 Ensorcelled Hibernation  Hex/Ice        0%         N/A       89%         2
 Lesser Beckoning         Tloc           0%         N/A       89%         2
 Wereblood                Tmut           0%         N/A       89%         2
 Gell's Gravitas          Tloc           0%         N/A       98%         3
 Inner Flame              Hex/Fire       0%         N/A       98%         3
 Mephitic Cloud           Conj/Pois/Air  0%         N/A       98%         3
 Teleport Other           Tloc           0%         N/A       98%         3
 Anguish                  Hex/Necr       0%         N/A       100%        4
 Animate Armour           Summ/Erth      0%         N/A       100%        4
 Flame Wave               Conj/Fire      0%         2d4       100%        4
 Sticky Flame             Conj/Fire      0%         2d3       100%        4
 Leda's Unmaking          Conj/Erth      0%         9d1       100%        6
 Summon Hydra             Summ           0%         N/A       100%        7
 Fire Storm               Conj/Fire      0%         5d1       100%        9
 Sublimation of Blood     Necr           Unusable   N/A       N/A         2

Dungeon Overview and Level Annotations

Branches:
Dungeon (4/15)
 Temple: D:4-7

Altars:
Vehumet

Shops:
D:1 (*[


Innate Abilities, Weirdness & Mutations

You are immune to sickness and miasma.
Your stone body is resilient. (AC +4)
You are immune to poison.
You resist negative energy. (rN+)
You are resistant to electric shocks. (rElec)
You are resistant to unholy torment.
You are immune to petrification.


Message History

You sock the black bear!
The black bear is almost dead.
The black bear barely misses you. The black bear closely misses you.
You block the black bear's attack.
The black bear goes berserk!
You closely miss the black bear.
The black bear is almost dead.
The black bear closely misses you. The black bear claws you.
The black bear closely misses you. The black bear barely misses you.
The black bear claws you but does no damage.
You block the black bear's attack.
You barely miss the black bear.
The black bear is almost dead.
The black bear bites you but does no damage.
The black bear claws you but does no damage.
The black bear claws you.
The black bear bites you but does no damage.
The black bear claws you but does no damage.
The black bear claws you.
You hit the black bear.
The black bear is almost dead.
The black bear bites you but does no damage.
The black bear claws you but does no damage.
The black bear claws you.
The black bear bites you but does no damage.
The black bear claws you but does no damage. x2
You closely miss the black bear.
The black bear is almost dead.
The black bear barely misses you.
The black bear claws you but does no damage.
The black bear barely misses you. The black bear bites you.
The black bear closely misses you.
The black bear claws you but does no damage.
You hit the black bear.
The black bear is almost dead.
The black bear bites you but does no damage.
The black bear claws you.
* * * LOW HITPOINT WARNING * * *
The black bear claws you but does no damage.
The black bear bites you!
You die...

# #.# ##. #..###
..#O#.....
..OO#....
######...
........#
.......h# ...#
.......@########
#...
######.........##
#.. ##.........#
#.. #########.##
#... #..###..#
##..#..#
#####......# #
..........#####
######....###..


You could see a black bear (berserk) and 3 ogres.

Vanquished Creatures
  An orc wizard (D:3)
  2 adders
  4 orcs
  5 ball pythons
  5 endoplasms
  A giant cockroach (D:2)
  8 goblins
  7 hobgoblins
  3 jackals (D:1)
  5 quokkas
  3 bats
  5 frilled lizards
  12 kobolds
  9 rats
70 creatures vanquished.

Notes
Turn   | Place    | Note
-------+----------+-------------------------------------------
     0 | D:1      | AdnanSaban the Gargoyle Fighter began the quest for the
                  | Orb.
     0 | D:1      | Reached XP level 1. HP: 14/14 MP: 1/1
   117 | D:1      | Found Jehiess's Antique Weapon Shop.
   183 | D:1      | Reached XP level 2. HP: 19/19 MP: 2/2
   482 | D:1      | Found a faded altar of an unknown god.
   495 | D:1      | Reached XP level 3. HP: 17/23 MP: 3/3
   607 | D:1      | Found Doud's Antique Armour Emporium.
   634 | D:1      | Found Omueraap's General Store.
  1445 | D:2      | Reached XP level 4. HP: 25/28 MP: 4/4
  1843 | D:3      | Found a radiant altar of Vehumet.
  2031 | D:3      | Reached skill level 4 in Armour
  2232 | D:3      | Reached skill level 1 in Dodging
  2525 | D:3      | Reached XP level 5. HP: 33/33 MP: 5/5
  2557 | D:3      | Got Sosecid's Precepts of Tropical Topography
  2923 | D:4      | Identified the +5 dire flail of Fojemat {elec, *Corrode
                  | Will+ MP+9 Dex+3}
  2923 | D:4      | Noticed an ogre
  2923 | D:4      | Noticed a black bear
  2925 | D:4      | Noticed an ogre
  2938 | D:4      | Noticed an ogre
  2940 | D:4      | Slain by a black bear

Illustrated notes

Levels and vault maps discovered:
D:1:      dpeg_arrival_round_a, layout_loops_ring, serial_shops, shop, shop,
          nicolae_shop_crystal, shapermc_ecumenical_altar_gd
D:2:      wad_pebble_path, layout_loops_corners, chequers_decorated_corner
D:3:      layout_loops_ring, vehumet_altar_wand_db,
          nicolae_concentric_dashed_squares_wild
D:4:      layout_layer_cave, mainiacjoe_overflow_concentric_impassable,
          ashenzari_conservatory_becter, gammafunk_ghost_smash

Skill      XL: |  1  2  3  4 |
---------------+-------------+-----
Maces & Flails | 3 |  3.4
Armour         | 4 |  4.1
Dodging        | 1 |  1.0
Fighting       | |  3.7
Shields        | |  3.7

Action                     |  1- 3 |  4- 6 || total
---------------------------+-------+-------++-------
  Melee: Flail             |   150 |   109 ||   259
 Armour: Scale mail        |    84 |    73 ||   157
  Dodge: Dodged            |    76 |    75 ||   151
  Block: Buckler           |    39 |    27 ||    66

Table legend: (Time is in decaauts)
 A = Elapsed time spent in this place.
 B = Non-inter-level travel time spent in this place.
 C = Inter-level travel time spent in this place.
 D = Time resting spent in this place.
 E = Time spent auto-exploring this place.
 F = Levels seen in this place.
 G = Mean time per level.
                   A        B        C        D        E       F      G
               +--------+--------+--------+--------+--------+-----+--------+
         Total |   3013 |   2973 |     40 |      0 |   2409 |   4 |  753.2 |
       Dungeon |   3013 |   2973 |     40 |      0 |   2409 |   4 |  753.2 |
               +--------+--------+--------+--------+--------+-----+--------+

Top non-repeatable levels by time:
     D:3: 977 daAuts
     D:2: 970 daAuts
     D:1: 876 daAuts
     D:4: 189 daAuts
